 Dungeon Crawl Stone Soup version 0.22-a0-348-gd16d139 (webtiles) character file.

39 Kairos the Shield-Bearer (level 3, -2/30 HPs)
             Began as a Formicid Fighter on Apr 7, 2018.
             Slain by Robin
             ... wielding a +0 whip
              (3 damage)
             ... on level 2 of the Dungeon.
             The game lasted 00:00:48 (710 turns).

Kairos the Shield-Bearer (Formicid Fighter)          Turns: 710, Time: 00:00:49

Health: -2/30      AC:  6    Str: 20    XL:     3   Next: 67%
Magic:  3/3        EV:  8    Int:  7    God:
Gold:   5          SH:  9    Dex: 11    Spells: 2/2 levels left

rFire    . . .     SeeInvis +   a - +0 war axe
rCold    . . .     Gourm    .   c - +0 shield
rNeg     . . .     Faith    .   b - +0 scale mail
rPois    .         Spirit   .   (helmet unavailable)
rElec    .         Reflect  .   (no cloak)
rCorr    .         Harm     .   (no gloves)
MR       .....                  (no boots)
Stlth    ..........             (no amulet)
HPRegen  0.10/turn              (no ring)
MPRegen  0.08/turn              (no ring)

@: no status effects
A: permanent stasis, dig shafts and tunnels, four strong arms, antennae 3
a: Dig, Shaft Self


You were on level 2 of the Dungeon.
You were not hungry.

You visited 1 branch of the dungeon, and saw 2 of its levels.

You collected 5 gold pieces.

Inventory:

Hand Weapons
 a - a +0 war axe (weapon)
Armour
 b - a +0 scale mail (worn)
 c - a +0 shield (worn)
Scrolls
 e - a scroll of identify {unknown}
 h - 2 scrolls of fear {unknown}
 j - 2 scrolls of remove curse {unknown}
 k - a scroll of random uselessness {unknown}
Potions
 d - a potion of might
 g - a potion of curing
 i - a potion of brilliance {unknown}
 l - 2 potions of degeneration {unknown}
 m - a potion of haste {unknown}
Comestibles
 f - 3 rations


   Skills:
 + Level 3.9 Fighting
 + Level 2.5 Axes
 + Level 3.5 Armour
 + Level 0.1 Dodging
 + Level 4.0 Shields


You had 2 spell levels left.
You didn't know any spells.

Dungeon Overview and Level Annotations

Branches:
Dungeon (2/15)

Altars:

Annotations:
D:2 Robin


Innate Abilities, Weirdness & Mutations

You cannot be hasted, slowed, berserked, paralysed or teleported.
You can dig through walls and to a lower floor.
Your four strong arms can wield two-handed weapons with a shield.
You have a pair of large antennae on your head. (SInv)


Message History

You completely miss the goblin.
Your shield and scale mail prevent you from hitting the goblin.
You hit the goblin.
You kill the goblin!
The goblin closely misses you. The goblin hits you with a dagger.
* * * LOW HITPOINT WARNING * * *
The goblin hits you but does no damage. The goblin completely misses you.
The goblin barely misses you. The goblin completely misses you.
The goblin closely misses you.
You hit Robin.
Robin is moderately wounded.
You hit the goblin.
You kill the goblin!
You barely miss the goblin. x3; The goblin closely misses you. x2
The goblin hits you with a dagger.
* * * LOW HITPOINT WARNING * * *
The goblin hits you with a dagger.
* * * LOW HITPOINT WARNING * * *
Robin hits you with a whip.
You die...

.... ... ...
..## #..# #g.
#.#####g##
#...g.)@g##
#####.gg..##
##...)...##
###.........#
...'....(....+
####....(....#
##.......##
..# ##.†.).##
#.# ##.(.##


You could see Robin and 5 goblins.

Vanquished Creatures
  A worm (D:2)
  2 dart slugs
  2 leopard geckos
  A giant cockroach (D:1)
  3 hobgoblins
  4 bats
  A frilled lizard (D:1)
  11 goblins
  2 kobolds (D:1)
  A rat (D:1)
28 creatures vanquished.

Notes
Turn   | Place    | Note
-------+----------+-------------------------------------------
     0 | D:1      | Kairos the Formicid Fighter began the quest for the Orb.
     0 | D:1      | Reached XP level 1. HP: 18/18 MP: 1/1
     4 | D:1      | Noticed an electric eel
     4 | D:1      | Noticed an electric eel
   170 | D:1      | Reached XP level 2. HP: 22/24 MP: 2/2
   475 | D:1      | You fall through a shaft!
   660 | D:2      | Reached XP level 3. HP: 30/30 MP: 3/3
   688 | D:2      | Reached skill level 4 in Shields
   701 | D:2      | Noticed Robin
   710 | D:2      | HP: 1/30 [goblin/dagger[Robin] (4)]
   710 | D:2      | Slain by Robin

Vault maps used:
D:1:      arrival_aquarium_b, amethyst_killhole
D:2:      item_on_display_a, uniq_robin

Skill      XL: |  1  2  3 |
---------------+----------+-----
Shields        | 4 |  4.0
Fighting       | |  3.9
Axes           | |  2.5
Armour         | |  3.5
Dodging        | |  0.1

Action                   || total
-------------------------++-------
Melee: War axe           ||    83
Armor: Scale mail        ||    50
Dodge: Dodged            ||    41
Block: Shield            ||    59

Table legend:
 A = Spawn XP
 B = Non-spawn XP
 C = Spawn XP percentage of total XP
 D = Spawn monster count
 E = Non-spawn monster count
 F = Spawn count percentage of total count
 G = Total turns spent on level
                    A         B        C        D         E        F      G
               +---------+---------+-------+---------+---------+-------+---------
         Total |       0 |      56 |   0.0 |       0 |      28 |   0.0 |   710
               +---------+---------+-------+---------+---------+-------+---------
           D:1 |       0 |      19 |   0.0 |       0 |      11 |   0.0 |   475
           D:2 |       0 |      37 |   0.0 |       0 |      17 |   0.0 |   235
               +---------+---------+-------+---------+---------+-------+---------
